 Dungeon Crawl Stone Soup version 0.28-a0-1518-gbe868bca14 (webtiles) character file.

Game seed: 15324165279331932201

1003 pokeman the Thaumaturge (level 8, 0/43 HPs)
             Began as a Deep Elf Hedge Wizard on Jan 16, 2022.
             Slain by a vampire mosquito (4 damage)
             ... on level 6 of the Dungeon.
             The game lasted 00:13:01 (6917 turns).

pokeman the Thaumaturge (Deep Elf Hedge Wizard)     Turns: 6917, Time: 00:13:02

Health: 0/43       AC:  3    Str:  7    XL:     8   Next: 0%
Magic:  10/22      EV: 12    Int: 22    God:
Gold:   229        SH:  5    Dex: 14    Spells: 7/24 levels left

rFire   + . .      SeeInvis .   A - +1 dagger (venom)
rCold   . . .      Faith    .   (no shield)
rNeg    . . .      Spirit   .   f - +0 leather armour
rPois   .          Reflect  +   c - +0 hat
rElec   .          Harm     .   (no cloak)
rCorr   .          Rampage  .   (no gloves)
Will    .....                   (no boots)
Stlth   ++........              j - amulet of reflection
HPRegen 0.14/turn               a - ring of protection from fire
MPRegen 0.18/turn               (no ring)

@: no status effects
A: no striking features
a: no special abilities


You were on level 6 of the Dungeon.
You visited 1 branch of the dungeon, and saw 6 of its levels.

You collected 229 gold pieces.

Inventory:

Hand Weapons
 A - a +1 dagger of venom (weapon)
Missiles
 p - 85 arrows
 x - 21 bolts
Armour
 c - a +0 hat (worn)
 f - a +0 leather armour (worn)
 r - a +0 kite shield
Jewellery
 a - a ring of protection from fire (left hand)
 j - an amulet of reflection (around neck)
Wands
 k - a wand of iceblast (1)
 t - a wand of polymorph (10)
Scrolls
 g - a scroll of holy word {unknown}
 l - 4 scrolls of teleportation {unknown}
 q - 4 scrolls of identify {unknown}
 s - 2 scrolls of enchant armour {unknown}
 w - a scroll of brand weapon {unknown}
 y - 2 scrolls of vulnerability {unknown}
 z - a scroll of silence {unknown}
Potions
 b - 2 potions of flight {unknown}
 d - 2 potions of brilliance {unknown}
 e - 2 potions of curing {unknown}
 h - a potion of resistance {unknown}
 i - a potion of mutation {unknown}
 n - a potion of berserk rage {unknown}
 o - a potion of attraction {unknown}
 u - a potion of heal wounds {unknown}
 v - a potion of cancellation {unknown}


   Skills:
 - Level 1.2 Fighting
 + Level 1.1 Armour
 - Level 3.0 Dodging
 - Level 3.0 Stealth
 - Level 2.0 Shields
 * Level 8.8 Spellcasting
 + Level 4.5 Conjurations
 - Level 1.1 Summonings
 - Level 1.1 Translocations
 + Level 2.5 Fire Magic
 - Level 1.2 Ice Magic
 - Level 1.1 Air Magic
 - Level 1.0 Poison Magic
 - Level 1.0 Evocations


You had 7 spell levels left.
You knew the following spells:

 Your Spells              Type           Power      Damage    Failure   Level
a - Magic Dart            Conj           100%       1d8       1%          1
b - Mephitic Cloud        Conj/Pois/Air  19%        N/A       12%         3
c - Call Imp              Summ           14%        N/A       10%         2
d - Blink                 Tloc           28%        N/A       10%         2
e - Conjure Flame         Conj/Fire      25%        6-21      7%          3
f - Foxfire               Conj/Fire      100%       2x1d9     2%          1
g - Freezing Cloud        Conj/Ice/Air   9%         6-21      71%         5

Your spell library contained the following spells:

 Spells                   Type           Power      Damage    Failure   Level
 Slow                     Hex            36%        N/A       10%         1
 Dazzling Flash           Conj/Hex       38%        N/A       12%         3
 Sublimation of Blood     Necr           9%         N/A       16%         2
 Wereblood                Tmut           9%         N/A       16%         2
 Inner Flame              Hex/Fire       15%        N/A       17%         3
 Ignite Poison            Fire/Tmut/Pois 15%        N/A       19%         3
 Flame Wave               Conj/Fire      25%        2d6       22%         4
 Silence                  Hex/Air        6%         N/A       91%         5
 Agony                    Necr           9%         N/A       95%         5
 Summon Hydra             Summ           7%         N/A       100%        7


Dungeon Overview and Level Annotations

Branches:
Dungeon (6/15)
 Temple: D:4-7

Altars:
The Shining One

Shops:
D:1 [*   D:3 [


Message History

Aiming: Mephitic Cloud (quite dangerous; 13% risk of failure)
Press: ? - help, Shift-Dir - straight line, f - scorpion
Aim: a scorpion (chance to affect: 81%)
The ball explodes into a vile cloud!
The stinking cloud engulfs the scorpion but does no damage.
The stinking cloud engulfs the vampire mosquito but does no damage.
The scorpion is engulfed in noxious fumes.
The scorpion appears confused.
The scorpion is engulfed in blazing flames.
You block the scorpion's attack.
Unknown command.
Casting: Mephitic Cloud (quite dangerous; 13% risk of failure)
Confirm with . or Enter, or press ? or * to list all spells.
The fire begins to smoulder!
The scorpion is engulfed in blazing flames.
You kill the scorpion!
Your Shields skill increases to level 2!
You have reached level 8!
You feel clever.
The fire ignites!
Unknown command.
The vampire mosquito is engulfed in blazing flames.
A phantom comes into view.
Unknown command.
You hit the vampire mosquito.
The vampire mosquito is moderately damaged.
The vampire mosquito is engulfed in blazing flames.
The vampire mosquito bites you!
The vampire mosquito draws strength from your injuries!
The vampire mosquito is engulfed in blazing flames.
The vampire mosquito bites you!
* * * LOW HITPOINT WARNING * * *
The vampire mosquito draws strength from your injuries!
Unknown command.
Casting: Conjure Flame (dangerous; 7% risk of failure)
Confirm with . or Enter, or press ? or * to list all spells.
A metallic apparition takes form in the air.
The vampire mosquito is engulfed in blazing flames.
The vampire mosquito bites you.
You die...

.....
.....
...
...
#W#
#l#
#ยง#
#y#
#@#
#5#
#.#
#.#
#.#
#.#
#.#
..#


You could see a phantom, a vampire mosquito (ally target), an iguana and a
friendly iron imp (summoned).

Vanquished Creatures
  A vampire mosquito (D:6)
  A water moccasin (D:5)
  2 phantoms
  A water moccasin zombie (D:5)
  A scorpion (D:6)
  A water moccasin skeleton (D:5)
  2 bullfrog zombies (D:5)
  2 hounds (D:5)
  A gnoll shaman (D:5)
  An orc priest (D:3)
  Jessica (D:2)
  A bullfrog skeleton (D:5)
  An iguana (D:4)
  An orc wizard (D:3)
  3 gnolls (D:5)
  6 adders
  A worm (D:3)
  2 dart slugs
  The ghost of comborobin the Sneak, a weakling DEDe (D:5)
  7 orcs
  4 bats
  8 endoplasms
  3 giant cockroaches
  9 goblins
  9 hobgoblins
  2 quokkas
  2 ball pythons
  5 frilled lizards
  9 kobolds
  7 rats
95 creatures vanquished.

Vanquished Creatures (others)
  123 foxfires (D:5)
123 creatures vanquished.

Grand Total: 218 creatures vanquished

Notes
Turn   | Place    | Note
-------+----------+-------------------------------------------
     0 | D:1      | pokeman the Deep Elf Hedge Wizard began the quest for the
                  | Orb.
     0 | D:1      | Reached XP level 1. HP: 10/10 MP: 7/7
   113 | D:1      | Found Ojuycet's General Store.
   591 | D:1      | Found Qint's Antique Armour Shop.
   593 | D:1      | Reached XP level 2. HP: 15/15 MP: 7/9
  1253 | D:1      | Reached skill level 5 in Spellcasting
  1349 | D:1      | Found a faded altar of an unknown god.
  1643 | D:1      | Reached XP level 3. HP: 20/20 MP: 9/11
  1647 | D:1      | Learned a level 3 spell: Mephitic Cloud
  1650 | D:1      | Learned a level 2 spell: Call Imp
  1653 | D:1      | Learned a level 2 spell: Blink
  1657 | D:1      | Learned a level 3 spell: Conjure Flame
  1983 | D:2      | Reached skill level 1 in Fighting
  2247 | D:2      | Noticed Jessica
  2252 | D:2      | Killed Jessica
  2253 | D:2      | Reached skill level 1 in Armour
  2253 | D:2      | Reached XP level 4. HP: 25/25 MP: 6/13
  3503 | D:3      | Reached skill level 6 in Spellcasting
  3503 | D:3      | Reached skill level 1 in Fire Magic
  3503 | D:3      | Reached XP level 5. HP: 15/29 MP: 2/15
  3943 | D:3      | Found Niytaqen's Armour Shoppe.
  4601 | D:3      | Found a glowing golden altar of the Shining One.
  5004 | D:4      | Noticed a phantom
  5016 | D:4      | Killed a phantom
  5017 | D:4      | Reached skill level 1 in Air Magic
  5017 | D:4      | Reached XP level 6. HP: 20/34 MP: 4/17
  5498 | D:5      | Entered Level 5 of the Dungeon
  5506 | D:5      | Learned a level 5 spell: Freezing Cloud
  5508 | D:5      | Found a runed translucent door.
  5508 | D:5      | Noticed comborobin's ghost (weakling DEDe)
  5515 | D:5      | Learned a level 1 spell: Foxfire
  5579 | D:5      | Reached skill level 7 in Spellcasting
  5831 | D:5      | Reached skill level 1 in Poison Magic
  5831 | D:5      | Reached skill level 1 in Evocations
  6232 | D:5      | Noticed a water moccasin
  6242 | D:5      | Killed a water moccasin
  6243 | D:5      | Reached skill level 1 in Shields
  6243 | D:5      | Reached skill level 1 in Ice Magic
  6243 | D:5      | Reached XP level 7. HP: 28/38 MP: 11/20
  6518 | D:5      | Reached skill level 8 in Spellcasting
  6839 | D:5      | Killed comborobin's ghost
  6901 | D:6      | Noticed a vampire mosquito
  6904 | D:6      | Noticed a vampire mosquito
  6910 | D:6      | Killed a vampire mosquito
  6913 | D:6      | Reached XP level 8. HP: 24/43 MP: 11/22
  6917 | D:6      | Slain by a vampire mosquito

Illustrated notes

Levels and vault maps discovered:
D:1:      dpeg_arrival_arbitrary_a, layout_basic, serial_shops, shop,
          nicolae_shop_overgrown_old_shop, ebering_ecumenical_altar_abandoned,
          minmay_heptomino_d4
D:2:      layout_loops_ring, palyth_stone_intersect, minmay_misc_feat_rugged,
          nrook_loot_triangle, uniq_jessica
D:3:      layout_basic, mainiacjoe_overflow_alcove_2, serial_shops, shop
D:4:      layout_rooms
D:5:      layout_gridville, gammafunk_ghost_grave, serial_bayou_crossing
D:6:      layout_loops_ring, gup_sewer_entry_glass

Skill      XL: |  1  2  3  4  5  6  7 |
---------------+----------------------+-----
Spellcasting   | 5 6 7 8 |  8.8
Fighting       | 1 |  1.2
Armour         | 1 |  1.1
Conjurations   | 2 3 4 |  4.5
Fire Magic     | 1 2 |  2.5
Dodging        | 3 |  3.0
Stealth        | 3 |  3.0
Air Magic      | 1 |  1.1
Poison Magic   | 1 |  1.0
Evocations     | 1 |  1.0
Shields        | 1 2 |  2.0
Ice Magic      | 1 |  1.2
Summonings     | |  1.1
Translocations | |  1.1

Action                   |  1- 3 |  4- 6 |  7- 9 || total
-------------------------+-------+-------+-------++-------
Melee: Dagger            |     3 |       |     4 ||     7
       War axe           |       |    18 |     4 ||    22
 Cast: Magic Dart        |    86 |   116 |     1 ||   203
       Mephitic Cloud    |       |     3 |     1 ||     4
       Call Imp          |       |     2 |     1 ||     3
       Foxfire           |       |    41 |    26 ||    67
       Conjure Flame     |       |     1 |     4 ||     5
 Stab: Confused          |       |     2 |       ||     2
Armor: Robe              |     2 |       |       ||     2
       Leather armour    |       |     2 |     3 ||     5
Dodge: Dodged            |    11 |    30 |    10 ||    51
Block: Other             |       |    13 |     2 ||    15
       Reflection        |       |     1 |       ||     1

Table legend: (Time is in decaauts)
 A = Elapsed time spent in this place.
 B = Non-inter-level travel time spent in this place.
 C = Inter-level travel time spent in this place.
 D = Time resting spent in this place.
 E = Time spent auto-exploring this place.
 F = Levels seen in this place.
 G = Mean time per level.
                   A        B        C        D        E       F      G
               +--------+--------+--------+--------+--------+-----+--------+
         Total |   6932 |   6790 |    142 |    258 |   5827 |   6 | 1155.3 |
       Dungeon |   6932 |   6790 |    142 |    258 |   5827 |   6 | 1155.3 |
               +--------+--------+--------+--------+--------+-----+--------+

Top non-repeatable levels by time:
     D:1: 1747 daAuts
     D:2: 1610 daAuts
     D:5: 1411 daAuts
     D:3: 1318 daAuts
     D:4: 828 daAuts
     D:6: 15 daAuts
